Canadiens vs Flyers (R1)

Created - May 26, 2019 at 22:19

Goals
1 2 3 T
Canadiens 0 1 0 1
Flyers 0 4 3 7
Shots
1 2 3 T
Canadiens 9 10 6 25
Flyers 18 13 11 42

1st period

No Goal

Penalties :
Loui Eriksson (Phi) for Hooking (Minor) at 7:38, Enver Lisin (Mon) for Slashing (Minor) at 14:37, Steve McCarthy (Phi) for Interference (Minor) at 17:16, Scott Hartnell (Mon) for Hooking (Minor) at 18:20

2nd period

1. Flyers , Mats Zuccarello 6 (Kyle Wellwood 7, J.T. Miller 9) at 0:10 (PP)
2. Flyers , Jakub Voracek 7 (Oliver Ekman-Larsson 6, Drew Miller 10) at 2:29 (PP)
3. Flyers , Matthew Lombardi 1 (Chris Mcallister 1, Matt Smaby 4) at 7:50
4. Flyers , Brian McGrattan 1 (Matthew Lombardi 1, Chris Mcallister 2) at 9:12
5. Canadiens , Frans Nielsen 8 (Steve Downie 9, Scott Hartnell 8) at 11:38 (PP)

Penalties :
Colton Parayko (Mon) for Hooking (Minor) at 0:30, Tomas Plekanec (Mon) for Tripping (Minor) at 0:46, Jakub Voracek (Phi) for Hooking (Minor) at 9:41, Dustin Boyd (Mon) for Goalie Interference (Minor) at 15:10, Raphael Diaz (Mon) for Holding (Minor) at 19:00

3rd period

6. Flyers , J.T. Miller 2 (Kyle Wellwood 8, Jeff Woywitka 4) at 5:26
7. Flyers , Jakub Voracek 8 (Jeff Carter 11, Drew Miller 11) at 5:38
8. Flyers , Kyle Wellwood 6 (Mats Zuccarello 6, J.T. Miller 10) at 15:12 (PP)

Penalties :
Jaromir Jagr (Phi) for Interference (Minor) at 2:47, Shaone Morrisonn (Mon) for Hooking (Minor) at 14:06, Nathan Beaulieu (Phi) for Hooking (Minor) at 15:34, Colton Parayko (Mon) for Hooking (Minor) at 17:55

Goalie Stats

Henrik Lundqvist (Mon), 35 saves from 42 shots - (0.833), L, 5-5-1, 60:00 minutes
Steve Mason (Phi), 24 saves from 25 shots - (0.960), W, 5-1-0, 60:00 minutes

Players Stats for Canadiens

Player Name              G  A  P  +/- PIM S  H  SB GA TA FO     MP     PP MP  PK MP  
------------------------------------------------------------------------------------
Andrew Alberts           0  0  0  -2  0   1  1  1  1  0  0/0    30:44   5:44   7:54 
Brett Maclean            0  0  0  -1  0   1  0  0  0  1  1/1     8:42   0:00   0:03 
Colton Parayko           0  0  0  -2  4   0  0  1  0  2  0/0    25:08   5:44   2:54 
David Jones              0  0  0   0  0   0  1  0  0  0  0/0     8:05   0:00   2:37 
Dustin Boyd              0  0  0  -1  2   0  0  0  1  0  4/9    12:43   0:00   3:22 
Enver Lisin              0  0  0  -1  2   1  1  0  0  0  1/1     8:35   0:00   0:00 
Evgeny Dadonov           0  0  0   0  0   3  1  0  0  0  0/0    14:15   3:33   0:00 
Frans Nielsen            1  0  1  -3  0   3  1  0  0  0  17/34  21:04   5:25   2:03 
Greg Stewart             0  0  0   0  0   1  1  2  1  0  0/0    16:19   3:33   1:08 
Mark Stuart              0  0  0  -1  0   1  0  0  0  1  0/0    20:40   0:00   8:27 
Pierre-Marc Bouchard     0  0  0   0  0   2  0  1  0  0  6/7    14:37   3:33   0:14 
Raphael Diaz             0  0  0  -2  2   0  2  0  1  0  0/0    16:46   3:14   0:38 
Scott Hartnell           0  1  1  -3  2   3  2  1  0  1  1/1    17:33   5:24   0:01 
Shaone Morrisonn         0  0  0   0  2   0  0  2  0  1  0/0    12:32   0:00   3:49 
Steve Downie             0  1  1  -3  0   5  3  0  2  2  0/1    25:17   5:25   6:49 
Tomas Plekanec           0  0  0   0  2   2  1  0  0  0  10/16  12:23   0:00   6:23 
Viktor Stalberg          0  0  0   0  0   1  0  0  0  0  0/0     5:23   0:00   0:00 
Vitaly Vishnevsky        0  0  0  -1  0   1  0  0  1  0  0/0    14:16   3:14   0:42 

Players Stats for Flyers

Player Name              G  A  P  +/- PIM S  H  SB GA TA FO     MP     PP MP  PK MP  
------------------------------------------------------------------------------------
Brian McGrattan          1  0  1   2  0   2  0  0  0  0  0/0     5:48   0:00   0:00 
Chris Mcallister         0  2  2   2  0   1  0  0  1  0  0/0    10:23   0:08   4:18 
Drew Miller              0  2  2   1  0   1  2  0  0  0  1/2    19:12   5:32   0:12 
J.T. Miller              1  2  3   1  0   10 0  0  1  0  0/0    21:53   6:29   4:28 
Jakub Voracek            2  0  2   1  2   5  1  0  1  0  2/3    19:39   5:43   0:00 
Jaromir Jagr             0  0  0   1  2   1  5  0  0  0  0/0     8:36   0:00   0:00 
Jeff Carter              0  1  1   1  0   0  1  0  1  0  12/24  19:23   5:35   0:00 
Jeff Woywitka            0  1  1   2  0   3  1  0  1  0  0/0    24:12   5:41   4:23 
Jonathan Ericsson        0  0  0   0  0   0  3  1  1  1  0/0    23:18   6:31   4:35 
Kyle Wellwood            1  2  3   1  0   9  3  0  1  0  9/23   21:53   6:29   4:28 
Loui Eriksson            0  0  0   0  2   1  0  0  0  0  0/0     8:00   0:00   0:00 
Marcus Kruger            0  0  0   0  0   1  0  0  0  0  2/4     8:38   0:08   0:12 
Mats Zuccarello          1  1  2   0  0   3  0  0  0  2  0/1    16:18   6:29   0:00 
Matt Smaby               0  1  1   2  0   0  1  1  1  2  0/0    18:16   5:41   0:00 
Matthew Lombardi         1  1  2   2  0   3  0  0  0  0  4/13   10:06   0:00   4:18 
Nathan Beaulieu          0  0  0   2  2   0  1  0  0  0  0/0    12:41   0:00   0:00 
Oliver Ekman-Larsson     0  1  1   0  0   2  3  3  0  1  0/0    24:54   6:31   5:11 
Steve McCarthy           0  0  0   2  2   0  0  2  0  1  0/0    16:52   0:03   3:47 

3 Stars

1 - Kyle Wellwood (Phi)
2 - J.T. Miller (Phi)
3 - Matthew Lombardi (Phi)

Power Play

Canadiens - 1 on 5 Attempt(s) - 20.00%
Flyers - 3 on 8 Attempt(s) - 37.50%

Penalty Kill

Canadiens - 5 on 8 Attempt(s) - 62.50% - Score 0 goal in Penalty Kill
Flyers - 4 on 5 Attempt(s) - 80.00% - Score 0 goal in Penalty Kill

Team Stat

Canadiens - Hits : 14 - Faceoff Wins : 40 - Blocked Shots : 8 - Penalty Minutes : 16
Flyers - Hits : 21 - Faceoff Wins : 30 - Blocked Shots : 7 - Penalty Minutes : 10

Official

Referees : Unknown
Linesman : Unknown

Game Notes

No Game Note

Finance

Level 1 -- Attendance: 5256 (87.60%) -- Ticket Income $657,000
Level 2 -- Attendance: 4070 (81.40%) -- Ticket Income $305,250
Level 3 -- Attendance: 1813 (90.65%) -- Ticket Income $90,650
Level 4 -- Attendance: 2977 (74.43%) -- Ticket Income $119,080
Luxury Box -- Attendance: 781 (78.10%) -- Ticket Income $195,250
Game was played at the Wells Fargo Center.
Total Attendance: 14897 (82.76%)
Total Ticket Income: $1,367,230
Other Income: $205,084
Total Income: $1,572,314

Canadiens

5 vs 5 Forward 
   Center                   Left Wing                Right Wing               Time % Phy DF OF 
 1 Frans Nielsen            Scott Hartnell           Steve Downie             40     1   1  3  
 2 Pierre-Marc Bouchard     Greg Stewart             Evgeny Dadonov           30     0   2  3  
 3 Dustin Boyd              Brett Maclean            Enver Lisin              20     1   2  2  
 4 Tomas Plekanec           Viktor Stalberg          David Jones              10     1   2  2  

5 vs 5 Defense 
   Defense                  Defense                                           Time % Phy DF OF 
 1 Andrew Alberts           Colton Parayko                                    40     1   2  2  
 2 Raphael Diaz             Mark Stuart                                       30     1   2  2  
 3 Shaone Morrisonn         Vitaly Vishnevsky                                 20     1   2  2  
 4 Colton Parayko           Andrew Alberts                                    10     1   2  2  

PowerPlay Forward 
   Center                   Left Wing                Right Wing               Time % Phy DF OF 
 1 Frans Nielsen            Scott Hartnell           Steve Downie             60     1   2  2  
 2 Pierre-Marc Bouchard     Greg Stewart             Evgeny Dadonov           40     1   2  2  

PowerPlay Defense
   Defense                  Defense                                           Time % Phy DF OF 
 1 Andrew Alberts           Colton Parayko                                    60     1   2  2  
 2 Raphael Diaz             Vitaly Vishnevsky                                 40     1   2  2  

Penalty Kill 4 Players Forward 
   Center                   Wing                     Time % Phy DF OF 
 1 Tomas Plekanec           Steve Downie             60     1   2  2  
 2 Dustin Boyd              David Jones              40     1   2  2  

Penalty Kill 4 Players Defense
   Defense                  Defense                  Time % Phy DF OF 
 1 Andrew Alberts           Mark Stuart              60     1   2  2  
 2 Shaone Morrisonn         Colton Parayko           40     1   2  2  

Penalty Kill - 3 Players Forward 
   Forward                                           Time % Phy DF OF 
 1 Frans Nielsen                                     60     1   2  2  
 2 Dustin Boyd                                       40     1   2  2  

Penalty Kill - 3 Players Defense
   Defense                  Defense                  Time % Phy DF OF 
 1 Andrew Alberts           Mark Stuart              60     1   2  2  
 2 Shaone Morrisonn         Raphael Diaz             40     1   2  2  

4 vs 4 Forward 
   Center                   Wing                     Time % Phy DF OF 
 1 Frans Nielsen            Greg Stewart             60     1   2  2  
 2 Pierre-Marc Bouchard     Brett Maclean            40     1   2  2  

4 vs 4 Defense
   Defense                  Defense                  Time % Phy DF OF 
 1 Andrew Alberts           Colton Parayko           60     1   2  2  
 2 Shaone Morrisonn         Mark Stuart              40     1   2  2  

Last Minutes Offensive
   Center                   Left Wing                Right Wing               Defense                  Defense                  
   Frans Nielsen            Scott Hartnell           Evgeny Dadonov           Colton Parayko           Vitaly Vishnevsky        

Last Minutes Defensive
   Center                   Left Wing                Right Wing               Defense                  Defense                  
   Pierre-Marc Bouchard     Greg Stewart             Steve Downie             Andrew Alberts           Mark Stuart              

Goaltenders
Starting : Henrik Lundqvist         
Backup : Allen York               

Extra Forwards
Normal : Frans Nielsen, Greg Stewart, Evgeny Dadonov - PP : Frans Nielsen, Greg Stewart - PK : Steve Downie
Extra Defensemen
Normal : Andrew Alberts, Colton Parayko, Mark Stuart - PP : Andrew Alberts - PK : Andrew Alberts, Mark Stuart
Penalty Shots
Frans Nielsen, Pierre-Marc Bouchard, Greg Stewart, Steve Downie, Evgeny Dadonov

Scratches
Adam Pardy (Healthy), Dustin Kohn (Healthy), Marcel Goc (Healthy), Nikolai Zherdev (Healthy), Wes O'Neill (Healthy)

Flyers

5 vs 5 Forward 
   Center                   Left Wing                Right Wing               Time % Phy DF OF 
 1 Jeff Carter              Drew Miller              Jakub Voracek            40     1   1  3  
 2 Kyle Wellwood            J.T. Miller              Mats Zuccarello          30     0   1  4  
 3 Marcus Kruger            Loui Eriksson            Jaromir Jagr             20     0   2  3  
 4 Matthew Lombardi         Chris Mcallister         Brian McGrattan          10     1   3  1  

5 vs 5 Defense 
   Defense                  Defense                                           Time % Phy DF OF 
 1 Oliver Ekman-Larsson     Jonathan Ericsson                                 30     1   3  1  
 2 Jeff Woywitka            Matt Smaby                                        30     1   3  1  
 3 Steve McCarthy           Nathan Beaulieu                                   30     1   3  1  
 4 Oliver Ekman-Larsson     Jeff Woywitka                                     10     1   3  1  

PowerPlay Forward 
   Center                   Left Wing                Right Wing               Time % Phy DF OF 
 1 Jeff Carter              Drew Miller              Jakub Voracek            50     0   1  4  
 2 Kyle Wellwood            J.T. Miller              Mats Zuccarello          50     0   1  4  

PowerPlay Defense
   Defense                  Defense                                           Time % Phy DF OF 
 1 Oliver Ekman-Larsson     Jonathan Ericsson                                 50     0   2  3  
 2 Matt Smaby               Jeff Woywitka                                     50     0   2  3  

Penalty Kill 4 Players Forward 
   Center                   Wing                     Time % Phy DF OF 
 1 Matthew Lombardi         Chris Mcallister         50     0   4  1  
 2 Kyle Wellwood            J.T. Miller              50     0   4  1  

Penalty Kill 4 Players Defense
   Defense                  Defense                  Time % Phy DF OF 
 1 Oliver Ekman-Larsson     Jonathan Ericsson        50     1   4  0  
 2 Jeff Woywitka            Steve McCarthy           50     1   4  0  

Penalty Kill - 3 Players Forward 
   Forward                                           Time % Phy DF OF 
 1 Matthew Lombardi                                  50     0   4  1  
 2 Kyle Wellwood                                     50     0   4  1  

Penalty Kill - 3 Players Defense
   Defense                  Defense                  Time % Phy DF OF 
 1 Oliver Ekman-Larsson     Jonathan Ericsson        50     1   4  0  
 2 Jeff Woywitka            Steve McCarthy           50     1   4  0  

4 vs 4 Forward 
   Center                   Wing                     Time % Phy DF OF 
 1 Jeff Carter              Jakub Voracek            50     0   2  3  
 2 Kyle Wellwood            J.T. Miller              50     0   2  3  

4 vs 4 Defense
   Defense                  Defense                  Time % Phy DF OF 
 1 Jonathan Ericsson        Oliver Ekman-Larsson     50     1   3  1  
 2 Matt Smaby               Jeff Woywitka            50     1   3  1  

Last Minutes Offensive
   Center                   Left Wing                Right Wing               Defense                  Defense                  
   Jeff Carter              Drew Miller              Jakub Voracek            Oliver Ekman-Larsson     Jeff Woywitka            

Last Minutes Defensive
   Center                   Left Wing                Right Wing               Defense                  Defense                  
   Kyle Wellwood            Chris Mcallister         Brian McGrattan          Oliver Ekman-Larsson     Jeff Woywitka            

Goaltenders
Starting : Steve Mason              
Backup : Cory Schneider           

Extra Forwards
Normal : Jeff Carter, Kyle Wellwood, Drew Miller - PP : Jeff Carter, Kyle Wellwood - PK : Matthew Lombardi
Extra Defensemen
Normal : Oliver Ekman-Larsson, Jeff Woywitka, Matt Smaby - PP : Jeff Woywitka - PK : Oliver Ekman-Larsson, Jeff Woywitka
Penalty Shots
Jeff Carter, Loui Eriksson, Jaromir Jagr, Kyle Wellwood, J.T. Miller

Scratches
Brian Lashoff (Healthy)

% Time on Ice - Canadiens

Lines # - Real PCT - Wanted PCT - Time Play
Normal Forward
1 - 35% - 40% - 13:14
2 - 28% - 30% - 10:47
3 - 22% - 20% - 8:31
4 - 14% - 10% - 5:23
Normal Defense
1 - 43% - 40% - 16:10
2 - 34% - 30% - 12:57
3 - 22% - 20% - 8:19
4 - 1% - 10% - 0:29
PP Forward
1 - 60% - 60% - 5:25
2 - 40% - 40% - 3:33
PP Defense
1 - 64% - 60% - 5:44
2 - 36% - 40% - 3:14
PK Forward
1 - 75% - 60% - 7:49
2 - 25% - 40% - 2:40
PK Defense
1 - 60% - 60% - 6:19
2 - 40% - 40% - 4:10
PK3 Forward
1 - 73% - 60% - 1:15
2 - 27% - 40% - 0:28
PK3 Defense
1 - 63% - 60% - 1:05
2 - 37% - 40% - 0:38
44 Forward
1 - 85% - 60% - 0:47
2 - 15% - 40% - 0:08
44 Defense
1 - 78% - 60% - 0:43
2 - 22% - 40% - 0:12
Last Minute Offensive  - 0:00
Last Minute Defensive  - 0:00
Total
Forward - 60:00
Defense - 60:00

% Time on Ice - Flyers

Lines # - Real PCT - Wanted PCT - Time Play
Normal Forward
1 - 36% - 40% - 13:37
2 - 28% - 30% - 10:33
3 - 21% - 20% - 7:57
4 - 15% - 10% - 5:48
Normal Defense
1 - 30% - 30% - 11:33
2 - 34% - 30% - 12:52
3 - 33% - 30% - 12:30
4 - 3% - 10% - 1:00
PP Forward
1 - 47% - 50% - 5:43
2 - 53% - 50% - 6:29
PP Defense
1 - 53% - 50% - 6:31
2 - 47% - 50% - 5:41
PK Forward
1 - 50% - 50% - 4:27
2 - 50% - 50% - 4:31
PK Defense
1 - 51% - 50% - 4:35
2 - 49% - 50% - 4:23
PK3 Forward
1 - 0% - 50%
2 - 0% - 50%
PK3 Defense
1 - 0% - 50%
2 - 0% - 50%
44 Forward
1 - 58% - 50% - 0:32
2 - 42% - 50% - 0:23
44 Defense
1 - 71% - 50% - 0:39
2 - 29% - 50% - 0:16
Last Minute Offensive  - 0:00
Last Minute Defensive  - 0:00
Total
Forward - 60:00
Defense - 60:00

Play-by-Play

1st period


0:01 of 1st period - Jakub Voracek wins face-off versus Frans Nielsen in neutral zone.
0:38 of 1st period - Wrist shot by Loui Eriksson.
0:38 of 1st period - Stopped by Henrik Lundqvist with a rebound.
0:40 of 1st period - Snap shot by Jaromir Jagr.
0:40 of 1st period - Stopped by Henrik Lundqvist with a rebound.
1:01 of 1st period - Snap shot by Greg Stewart.
1:01 of 1st period - Deflect By Pierre-Marc Bouchard.
1:01 of 1st period - Stopped by Steve Mason without a rebound.
1:02 of 1st period - Dustin Boyd wins face-off versus Matthew Lombardi in Flyers zone.
1:29 of 1st period - Mark Stuart is hit by Kyle Wellwood and loses puck.
1:49 of 1st period - Icing by J.T. Miller.
1:50 of 1st period - Tomas Plekanec wins face-off versus Drew Miller in Flyers zone.
2:17 of 1st period - Oliver Ekman-Larsson is hit by Scott Hartnell and loses puck.
2:30 of 1st period - Mark Stuart is hit by Jaromir Jagr and loses puck.
2:43 of 1st period - Wrist shot by Kyle Wellwood.
2:43 of 1st period - Stopped by Henrik Lundqvist with a rebound.
2:45 of 1st period - Snap shot by Oliver Ekman-Larsson.
2:45 of 1st period - Stopped by Henrik Lundqvist without a rebound.
2:46 of 1st period - Pierre-Marc Bouchard wins face-off versus Kyle Wellwood in Canadiens zone.
2:51 of 1st period - Snap shot by J.T. Miller.
2:51 of 1st period - Stopped by Henrik Lundqvist with a rebound.
3:03 of 1st period - Wrist shot by Kyle Wellwood.
3:03 of 1st period - Stopped by Henrik Lundqvist with a rebound.
3:35 of 1st period - Wrist shot by Kyle Wellwood.
3:35 of 1st period - Stopped by Henrik Lundqvist with a rebound.
3:49 of 1st period - Backhand shot by J.T. Miller.
3:49 of 1st period - Deflect By Kyle Wellwood.
3:49 of 1st period - Stopped by Henrik Lundqvist with a rebound.
3:51 of 1st period - Slapshot by Jeff Woywitka.
3:51 of 1st period - Stopped by Henrik Lundqvist with a rebound.
4:01 of 1st period - Snap shot by Kyle Wellwood.
4:01 of 1st period - Shot Blocked by Shaone Morrisonn.
4:03 of 1st period - Snap shot by Mats Zuccarello.
4:03 of 1st period - Stopped by Henrik Lundqvist without a rebound.
4:04 of 1st period - Jeff Carter wins face-off versus Steve Downie in Canadiens zone.
5:14 of 1st period - Snap shot by Frans Nielsen.
5:14 of 1st period - Shot Misses the Net.
5:16 of 1st period - Wrist shot by Scott Hartnell.
5:16 of 1st period - Shot Misses the Net.
6:08 of 1st period - Brett Maclean is hit by Drew Miller and loses puck.
6:21 of 1st period - Snap shot by Tomas Plekanec.
6:21 of 1st period - Stopped by Steve Mason without a rebound.
6:22 of 1st period - Tomas Plekanec wins face-off versus Kyle Wellwood in Flyers zone.
6:51 of 1st period - Off-side.
6:52 of 1st period - Frans Nielsen wins face-off versus Jeff Carter in neutral zone.
7:13 of 1st period - Snap shot by Drew Miller.
7:13 of 1st period - Stopped by Henrik Lundqvist with a rebound.
7:33 of 1st period - Wrist shot by Evgeny Dadonov.
7:33 of 1st period - Stopped by Steve Mason with a rebound.
7:35 of 1st period - Slapshot by Andrew Alberts.
7:35 of 1st period - Deflect By Oliver Ekman-Larsson.
7:35 of 1st period - Stopped by Steve Mason without a rebound.
7:36 of 1st period - Marcus Kruger wins face-off versus Dustin Boyd in Flyers zone.
7:38 of 1st period - Minor Penalty to Loui Eriksson for Hooking.
7:39 of 1st period - Scott Hartnell wins face-off versus Matthew Lombardi in Flyers zone.
7:39 of 1st period - Slapshot by Steve Downie.
7:39 of 1st period - Shot Blocked by Oliver Ekman-Larsson.
7:41 of 1st period - Slapshot by Colton Parayko.
7:41 of 1st period - Shot Misses the Net.
7:43 of 1st period - Snap shot by Frans Nielsen.
7:43 of 1st period - Stopped by Steve Mason without a rebound.
7:44 of 1st period - Frans Nielsen wins face-off versus Matthew Lombardi in Flyers zone.
9:38 of 1st period - Penalty to Loui Eriksson is over, Loui Eriksson is back on ice.
9:53 of 1st period - Snap shot by Jakub Voracek.
9:53 of 1st period - Shot Misses the Net.
10:09 of 1st period - Viktor Stalberg is hit by Nathan Beaulieu and loses puck.
10:40 of 1st period - Icing by Vitaly Vishnevsky.
10:41 of 1st period - Enver Lisin wins face-off versus Matthew Lombardi in Canadiens zone.
10:48 of 1st period - Jonathan Ericsson is hit by Raphael Diaz and loses puck.
11:05 of 1st period - Pierre-Marc Bouchard is hit by Jakub Voracek and loses puck.
11:28 of 1st period - Marcus Kruger is hit by Enver Lisin and loses puck.
11:35 of 1st period - Backhand shot by Brett Maclean.
11:35 of 1st period - Stopped by Steve Mason without a rebound.
11:36 of 1st period - Jeff Carter wins face-off versus Frans Nielsen in Flyers zone.
11:41 of 1st period - Jeff Woywitka is hit by Steve Downie and loses puck.
12:37 of 1st period - Slapshot by Brian McGrattan.
12:37 of 1st period - Stopped by Henrik Lundqvist without a rebound.
12:38 of 1st period - Frans Nielsen wins face-off versus Jeff Carter in Canadiens zone.
12:53 of 1st period - Snap shot by Steve Downie.
12:53 of 1st period - Stopped by Steve Mason with a rebound.
13:15 of 1st period - Wrist shot by Greg Stewart.
13:15 of 1st period - Deflect By Evgeny Dadonov.
13:15 of 1st period - Stopped by Steve Mason without a rebound.
13:16 of 1st period - Pierre-Marc Bouchard wins face-off versus Kyle Wellwood in Flyers zone.
13:17 of 1st period - Snap shot by Evgeny Dadonov.
13:17 of 1st period - Shot Misses the Net.
13:29 of 1st period - Snap shot by Kyle Wellwood.
13:29 of 1st period - Deflect By Raphael Diaz.
13:29 of 1st period - Shot Misses the Net.
13:29 of 1st period - Puck is out of play.
13:30 of 1st period - Frans Nielsen wins face-off versus Jeff Carter in Canadiens zone.
14:03 of 1st period - Snap shot by Kyle Wellwood.
14:03 of 1st period - Shot Misses the Net.
14:07 of 1st period - Wrist shot by J.T. Miller.
14:07 of 1st period - Shot Blocked by Greg Stewart.
14:09 of 1st period - Slapshot by Oliver Ekman-Larsson.
14:09 of 1st period - Stopped by Henrik Lundqvist without a rebound.
14:10 of 1st period - Brett Maclean wins face-off versus Marcus Kruger in Canadiens zone.
14:10 of 1st period - Brett Maclean is hit by Matt Smaby.
14:37 of 1st period - Minor Penalty to Enver Lisin for Slashing.
14:38 of 1st period - Jeff Carter wins face-off versus Tomas Plekanec in Canadiens zone.
15:08 of 1st period - Steve Downie is hit by Kyle Wellwood and loses puck.
15:51 of 1st period - Wrist shot by Steve Downie.
15:51 of 1st period - Shot Misses the Net.
16:14 of 1st period - Icing by Jonathan Ericsson.
16:15 of 1st period - Dustin Boyd wins face-off versus Kyle Wellwood in Flyers zone.
16:37 of 1st period - Penalty to Enver Lisin is over, Enver Lisin is back on ice.
16:49 of 1st period - Snap shot by Dustin Boyd.
16:49 of 1st period - Shot Misses the Net.
16:57 of 1st period - Pierre-Marc Bouchard is hit by Jaromir Jagr and loses puck.
17:16 of 1st period - Minor Penalty to Steve McCarthy for Interference.
17:17 of 1st period - Kyle Wellwood wins face-off versus Frans Nielsen in Flyers zone.
17:52 of 1st period - Snap shot by Chris Mcallister.
17:52 of 1st period - Stopped by Henrik Lundqvist without a rebound.
17:53 of 1st period - Matthew Lombardi wins face-off versus Frans Nielsen in Canadiens zone.
18:02 of 1st period - Snap shot by Matthew Lombardi.
18:02 of 1st period - Stopped by Henrik Lundqvist without a rebound.
18:03 of 1st period - Frans Nielsen wins face-off versus Kyle Wellwood in Canadiens zone.
18:12 of 1st period - Slapshot by J.T. Miller.
18:12 of 1st period - Stopped by Henrik Lundqvist with a rebound.
18:20 of 1st period - Minor Penalty to Scott Hartnell for Hooking.
18:21 of 1st period - Frans Nielsen wins face-off versus Jeff Carter in Canadiens zone.
18:26 of 1st period - Wrist shot by Greg Stewart.
18:26 of 1st period - Stopped by Steve Mason with a rebound.
18:59 of 1st period - Wrist shot by J.T. Miller.
18:59 of 1st period - Stopped by Henrik Lundqvist without a rebound.
19:00 of 1st period - Frans Nielsen wins face-off versus Kyle Wellwood in Canadiens zone.
19:11 of 1st period - Wrist shot by J.T. Miller.
19:11 of 1st period - Stopped by Henrik Lundqvist with a rebound.
19:16 of 1st period - Penalty to Steve McCarthy is over, Steve McCarthy is back on ice.
19:18 of 1st period - Off-side.
19:19 of 1st period - Kyle Wellwood wins face-off versus Tomas Plekanec in neutral zone.
19:59 of 1st period - Colton Parayko is hit by Jeff Carter and loses puck.
Goals for this period are 0 for Canadiens vs 0 for Flyers.
Shots for this period are 9 for Canadiens vs 18 for Flyers.

2nd period


0:01 of 2nd period - Kyle Wellwood wins face-off versus Tomas Plekanec in neutral zone.
0:10 of 2nd period - Wrist shot by Mats Zuccarello.
0:10 of 2nd period - Goal by Mats Zuccarello - Canadiens : 0 - Flyers : 1.
0:11 of 2nd period - Frans Nielsen wins face-off versus Jeff Carter in neutral zone.
0:16 of 2nd period - Slapshot by Steve Downie.
0:16 of 2nd period - Stopped by Steve Mason without a rebound.
0:17 of 2nd period - Jeff Carter wins face-off versus Frans Nielsen in Flyers zone.
0:17 of 2nd period - Jeff Carter is hit by Scott Hartnell.
0:30 of 2nd period - Minor Penalty to Colton Parayko for Hooking.
0:31 of 2nd period - Jeff Carter wins face-off versus Tomas Plekanec in Canadiens zone.
0:41 of 2nd period - Wrist shot by Jakub Voracek.
0:41 of 2nd period - Shot Misses the Net.
0:43 of 2nd period - Backhand shot by Jeff Woywitka.
0:43 of 2nd period - Stopped by Henrik Lundqvist without a rebound.
0:44 of 2nd period - Tomas Plekanec wins face-off versus Kyle Wellwood in Canadiens zone.
0:46 of 2nd period - Minor Penalty to Tomas Plekanec for Tripping.
0:47 of 2nd period - Frans Nielsen wins face-off versus Kyle Wellwood in Canadiens zone.
0:47 of 2nd period - Frans Nielsen is hit by Kyle Wellwood.
1:34 of 2nd period - Off-side.
1:35 of 2nd period - Dustin Boyd wins face-off versus Mats Zuccarello in neutral zone.
1:40 of 2nd period - Snap shot by Andrew Alberts.
1:40 of 2nd period - Shot Blocked by Jonathan Ericsson.
1:46 of 2nd period - Wrist shot by J.T. Miller.
1:46 of 2nd period - Shot Misses the Net.
2:25 of 2nd period - Snap shot by Jakub Voracek.
2:25 of 2nd period - Stopped by Henrik Lundqvist with a rebound.
2:27 of 2nd period - Slapshot by Oliver Ekman-Larsson.
2:27 of 2nd period - Shot Blocked by Shaone Morrisonn.
2:29 of 2nd period - Wrist shot by Jakub Voracek.
2:29 of 2nd period - Goal by Jakub Voracek - Canadiens : 0 - Flyers : 2.
2:30 of 2nd period - Dustin Boyd wins face-off versus Kyle Wellwood in neutral zone.
2:46 of 2nd period - Penalty to Tomas Plekanec is over, Tomas Plekanec is back on ice.
2:46 of 2nd period - Andrew Alberts is hit by Jeff Woywitka and loses puck.
3:40 of 2nd period - Andrew Alberts is hit by Jaromir Jagr and loses puck.
5:33 of 2nd period - Wrist shot by Jeff Carter.
5:33 of 2nd period - Shot Misses the Net.
6:43 of 2nd period - Mark Stuart is hit by Jonathan Ericsson and loses puck.
6:56 of 2nd period - Dustin Boyd is hit by Jaromir Jagr and loses puck.
7:05 of 2nd period - Mark Stuart is hit by Jaromir Jagr and loses puck.
7:34 of 2nd period - Icing by Matt Smaby.
7:35 of 2nd period - Tomas Plekanec wins face-off versus Matthew Lombardi in Flyers zone.
7:36 of 2nd period - Wrist shot by Viktor Stalberg.
7:36 of 2nd period - Stopped by Steve Mason with a rebound.
7:50 of 2nd period - Snap shot by Matthew Lombardi.
7:50 of 2nd period - Goal by Matthew Lombardi - Canadiens : 0 - Flyers : 3.
7:51 of 2nd period - Jeff Carter wins face-off versus Frans Nielsen in neutral zone.
8:02 of 2nd period - Wrist shot by Andrew Alberts.
8:02 of 2nd period - Shot Misses the Net.
8:06 of 2nd period - Snap shot by Steve Downie.
8:06 of 2nd period - Shot Misses the Net.
8:16 of 2nd period - Andrew Alberts is hit by Oliver Ekman-Larsson.
8:24 of 2nd period - Slapshot by Kyle Wellwood.
8:24 of 2nd period - Shot Blocked by Greg Stewart.
8:26 of 2nd period - Slapshot by J.T. Miller.
8:26 of 2nd period - Shot Misses the Net.
8:28 of 2nd period - Wrist shot by Kyle Wellwood.
8:28 of 2nd period - Deflect By J.T. Miller.
8:28 of 2nd period - Stopped by Henrik Lundqvist with a rebound.
8:30 of 2nd period - Wrist shot by J.T. Miller.
8:30 of 2nd period - Stopped by Henrik Lundqvist with a rebound.
9:10 of 2nd period - Wrist shot by Matthew Lombardi.
9:10 of 2nd period - Shot Misses the Net.
9:12 of 2nd period - Snap shot by Brian McGrattan.
9:12 of 2nd period - Goal by Brian McGrattan - Canadiens : 0 - Flyers : 4.
9:13 of 2nd period - Frans Nielsen wins face-off versus Jeff Carter in neutral zone.
9:18 of 2nd period - Icing by Jeff Carter.
9:19 of 2nd period - Jeff Carter wins face-off versus Frans Nielsen in Flyers zone.
9:35 of 2nd period - Slapshot by Andrew Alberts.
9:35 of 2nd period - Shot Blocked by Oliver Ekman-Larsson.
9:41 of 2nd period - Minor Penalty to Jakub Voracek for Hooking.
9:42 of 2nd period - Frans Nielsen wins face-off versus Matthew Lombardi in Flyers zone.
10:16 of 2nd period - Slapshot by Evgeny Dadonov.
10:16 of 2nd period - Deflect By Pierre-Marc Bouchard.
10:16 of 2nd period - Shot Misses the Net.
10:16 of 2nd period - Puck is out of play.
10:17 of 2nd period - Frans Nielsen wins face-off versus Kyle Wellwood in Flyers zone.
10:18 of 2nd period - Snap shot by Steve Downie.
10:18 of 2nd period - Stopped by Steve Mason without a rebound.
10:19 of 2nd period - Kyle Wellwood wins face-off versus Frans Nielsen in Flyers zone.
10:34 of 2nd period - Snap shot by Steve Downie.
10:34 of 2nd period - Stopped by Steve Mason without a rebound.
10:35 of 2nd period - Kyle Wellwood wins face-off versus Frans Nielsen in Flyers zone.
10:40 of 2nd period - Snap shot by Frans Nielsen.
10:40 of 2nd period - Stopped by Steve Mason with a rebound.
10:42 of 2nd period - Snap shot by Steve Downie.
10:42 of 2nd period - Shot Misses the Net.
10:44 of 2nd period - Wrist shot by Steve Downie.
10:44 of 2nd period - Deflect By Scott Hartnell.
10:44 of 2nd period - Stopped by Steve Mason without a rebound.
10:45 of 2nd period - Kyle Wellwood wins face-off versus Frans Nielsen in Flyers zone.
11:24 of 2nd period - Snap shot by Frans Nielsen.
11:24 of 2nd period - Shot Blocked by Oliver Ekman-Larsson.
11:38 of 2nd period - Snap shot by Frans Nielsen.
11:38 of 2nd period - Goal by Frans Nielsen - Canadiens : 1 - Flyers : 4.
11:39 of 2nd period - Pierre-Marc Bouchard wins face-off versus Jeff Carter in neutral zone.
11:52 of 2nd period - Wrist shot by Evgeny Dadonov.
11:52 of 2nd period - Shot Hit the Post.
12:12 of 2nd period - Snap shot by Enver Lisin.
12:12 of 2nd period - Stopped by Steve Mason without a rebound.
12:13 of 2nd period - Kyle Wellwood wins face-off versus Dustin Boyd in Flyers zone.
12:24 of 2nd period - Wrist shot by Kyle Wellwood.
12:24 of 2nd period - Stopped by Henrik Lundqvist with a rebound.
13:05 of 2nd period - Chris Mcallister is hit by Greg Stewart and loses puck.
13:12 of 2nd period - Wrist shot by Pierre-Marc Bouchard.
13:12 of 2nd period - Shot Misses the Net.
13:14 of 2nd period - Slapshot by Greg Stewart.
13:14 of 2nd period - Shot Misses the Net.
13:16 of 2nd period - Snap shot by Mark Stuart.
13:16 of 2nd period - Stopped by Steve Mason with a rebound.
13:18 of 2nd period - Slapshot by Raphael Diaz.
13:18 of 2nd period - Shot Blocked by Matt Smaby.
14:21 of 2nd period - Snap shot by Scott Hartnell.
14:21 of 2nd period - Stopped by Steve Mason without a rebound.
14:22 of 2nd period - Kyle Wellwood wins face-off versus Frans Nielsen in Flyers zone.
14:22 of 2nd period - Oliver Ekman-Larsson is hit by Frans Nielsen and loses puck.
14:31 of 2nd period - Snap shot by Kyle Wellwood.
14:31 of 2nd period - Stopped by Henrik Lundqvist with a rebound.
15:10 of 2nd period - Minor Penalty to Dustin Boyd for Goalie Interference.
15:11 of 2nd period - Tomas Plekanec wins face-off versus Kyle Wellwood in Canadiens zone.
15:45 of 2nd period - Slapshot by Jeff Woywitka.
15:45 of 2nd period - Shot Misses the Net.
17:03 of 2nd period - J.T. Miller is hit by Tomas Plekanec and loses puck.
17:10 of 2nd period - Penalty to Dustin Boyd is over, Dustin Boyd is back on ice.
17:24 of 2nd period - Slapshot by Colton Parayko.
17:24 of 2nd period - Deflect By Brett Maclean.
17:24 of 2nd period - Shot Misses the Net.
17:24 of 2nd period - Puck is out of play.
17:25 of 2nd period - Marcus Kruger wins face-off versus Dustin Boyd in Flyers zone.
17:38 of 2nd period - Wrist shot by Dustin Boyd.
17:38 of 2nd period - Shot Blocked by Steve McCarthy.
17:40 of 2nd period - Snap shot by Enver Lisin.
17:40 of 2nd period - Shot Blocked by Steve McCarthy.
17:54 of 2nd period - Icing by Nathan Beaulieu.
17:55 of 2nd period - Frans Nielsen wins face-off versus Matthew Lombardi in Flyers zone.
18:14 of 2nd period - Slapshot by Matthew Lombardi.
18:14 of 2nd period - Stopped by Henrik Lundqvist without a rebound.
18:15 of 2nd period - Pierre-Marc Bouchard wins face-off versus Jeff Carter in Canadiens zone.
19:00 of 2nd period - Minor Penalty to Raphael Diaz for Holding.
19:01 of 2nd period - Kyle Wellwood wins face-off versus Tomas Plekanec in Canadiens zone.
19:18 of 2nd period - Wrist shot by Kyle Wellwood.
19:18 of 2nd period - Stopped by Henrik Lundqvist without a rebound.
19:19 of 2nd period - Tomas Plekanec wins face-off versus Jeff Carter in Canadiens zone.
19:28 of 2nd period - Snap shot by Steve Downie.
19:28 of 2nd period - Shot Misses the Net.
19:50 of 2nd period - Snap shot by J.T. Miller.
19:50 of 2nd period - Stopped by Henrik Lundqvist without a rebound.
19:51 of 2nd period - Tomas Plekanec wins face-off versus Jeff Carter in Canadiens zone.
Goals for this period are 1 for Canadiens vs 4 for Flyers.
Shots for this period are 10 for Canadiens vs 13 for Flyers.

3rd period


0:01 of 3rd period - Tomas Plekanec wins face-off versus Jeff Carter in neutral zone.
0:10 of 3rd period - Snap shot by Jeff Woywitka.
0:10 of 3rd period - Shot Hit the Post.
0:12 of 3rd period - Wrist shot by Jeff Carter.
0:12 of 3rd period - Shot Misses the Net.
0:56 of 3rd period - Steve Downie is hit by Oliver Ekman-Larsson and loses puck.
1:00 of 3rd period - Penalty to Raphael Diaz is over, Raphael Diaz is back on ice.
2:03 of 3rd period - Slapshot by Jakub Voracek.
2:03 of 3rd period - Stopped by Henrik Lundqvist with a rebound.
2:05 of 3rd period - Snap shot by Drew Miller.
2:05 of 3rd period - Shot Blocked by Pierre-Marc Bouchard.
2:07 of 3rd period - Slapshot by Steve McCarthy.
2:07 of 3rd period - Shot Blocked by Andrew Alberts.
2:47 of 3rd period - Minor Penalty to Jaromir Jagr for Interference.
2:48 of 3rd period - Pierre-Marc Bouchard wins face-off versus Kyle Wellwood in Flyers zone.
2:49 of 3rd period - Wrist shot by Greg Stewart.
2:49 of 3rd period - Shot Misses the Net.
3:19 of 3rd period - Slapshot by Steve Downie.
3:19 of 3rd period - Stopped by Steve Mason without a rebound.
3:20 of 3rd period - Matthew Lombardi wins face-off versus Frans Nielsen in Flyers zone.
3:20 of 3rd period - Matthew Lombardi is hit by Steve Downie.
3:48 of 3rd period - Wrist shot by Scott Hartnell.
3:48 of 3rd period - Stopped by Steve Mason without a rebound.
3:49 of 3rd period - Matthew Lombardi wins face-off versus Pierre-Marc Bouchard in Flyers zone.
3:55 of 3rd period - Icing by Colton Parayko.
3:56 of 3rd period - Pierre-Marc Bouchard wins face-off versus Matthew Lombardi in Canadiens zone.
4:07 of 3rd period - Pierre-Marc Bouchard is hit by Jonathan Ericsson and loses puck.
4:47 of 3rd period - Penalty to Jaromir Jagr is over, Jaromir Jagr is back on ice.
5:01 of 3rd period - Jeff Woywitka is hit by Raphael Diaz and loses puck.
5:10 of 3rd period - Snap shot by Kyle Wellwood.
5:10 of 3rd period - Stopped by Henrik Lundqvist with a rebound.
5:26 of 3rd period - Snap shot by J.T. Miller.
5:26 of 3rd period - Goal by J.T. Miller - Canadiens : 1 - Flyers : 5.
5:27 of 3rd period - Jeff Carter wins face-off versus Frans Nielsen in neutral zone.
5:38 of 3rd period - Snap shot by Jakub Voracek.
5:38 of 3rd period - Goal by Jakub Voracek - Canadiens : 1 - Flyers : 6.
5:39 of 3rd period - Jeff Carter wins face-off versus Frans Nielsen in neutral zone.
6:13 of 3rd period - Slapshot by Jeff Woywitka.
6:13 of 3rd period - Stopped by Henrik Lundqvist with a rebound.
6:17 of 3rd period - Snap shot by J.T. Miller.
6:17 of 3rd period - Stopped by Henrik Lundqvist without a rebound.
6:18 of 3rd period - Jeff Carter wins face-off versus Frans Nielsen in Canadiens zone.
7:38 of 3rd period - Snap shot by Jakub Voracek.
7:38 of 3rd period - Shot Misses the Net.
8:36 of 3rd period - Slapshot by Marcus Kruger.
8:36 of 3rd period - Shot Misses the Net.
8:38 of 3rd period - Snap shot by Loui Eriksson.
8:38 of 3rd period - Shot Blocked by Scott Hartnell.
8:40 of 3rd period - Slapshot by Marcus Kruger.
8:40 of 3rd period - Stopped by Henrik Lundqvist without a rebound.
8:41 of 3rd period - Frans Nielsen wins face-off versus Jakub Voracek in Canadiens zone.
10:10 of 3rd period - Snap shot by Evgeny Dadonov.
10:10 of 3rd period - Shot Misses the Net.
11:11 of 3rd period - Jaromir Jagr is hit by Andrew Alberts and loses puck.
11:27 of 3rd period - Matt Smaby is hit by David Jones and loses puck.
11:43 of 3rd period - Jonathan Ericsson is hit by Evgeny Dadonov and loses puck.
12:18 of 3rd period - Off-side.
12:19 of 3rd period - Matthew Lombardi wins face-off versus Frans Nielsen in neutral zone.
12:21 of 3rd period - Off-side.
12:22 of 3rd period - Drew Miller wins face-off versus Frans Nielsen in neutral zone.
12:33 of 3rd period - Slapshot by Jakub Voracek.
12:33 of 3rd period - Stopped by Henrik Lundqvist with a rebound.
13:01 of 3rd period - Slapshot by Evgeny Dadonov.
13:01 of 3rd period - Stopped by Steve Mason without a rebound.
13:02 of 3rd period - Jeff Carter wins face-off versus Dustin Boyd in Flyers zone.
13:09 of 3rd period - Slapshot by Jeff Carter.
13:09 of 3rd period - Shot Misses the Net.
14:06 of 3rd period - Minor Penalty to Shaone Morrisonn for Hooking.
14:07 of 3rd period - Tomas Plekanec wins face-off versus Kyle Wellwood in Canadiens zone.
14:12 of 3rd period - Icing by Kyle Wellwood.
14:13 of 3rd period - Tomas Plekanec wins face-off versus Kyle Wellwood in Flyers zone.
14:14 of 3rd period - Wrist shot by Steve Downie.
14:14 of 3rd period - Deflect By Tomas Plekanec.
14:14 of 3rd period - Stopped by Steve Mason with a rebound.
15:04 of 3rd period - Wrist shot by Kyle Wellwood.
15:04 of 3rd period - Shot Blocked by Colton Parayko.
15:08 of 3rd period - Slapshot by Mats Zuccarello.
15:08 of 3rd period - Shot Hit the Post.
15:10 of 3rd period - Wrist shot by Mats Zuccarello.
15:10 of 3rd period - Stopped by Henrik Lundqvist with a rebound.
15:12 of 3rd period - Wrist shot by Kyle Wellwood.
15:12 of 3rd period - Goal by Kyle Wellwood - Canadiens : 1 - Flyers : 7.
15:13 of 3rd period - Frans Nielsen wins face-off versus Jeff Carter in neutral zone.
15:34 of 3rd period - Minor Penalty to Nathan Beaulieu for Hooking.
15:35 of 3rd period - Frans Nielsen wins face-off versus Matthew Lombardi in Flyers zone.
16:06 of 3rd period - Slapshot by Kyle Wellwood.
16:06 of 3rd period - Deflect By J.T. Miller.
16:06 of 3rd period - Stopped by Henrik Lundqvist with a rebound.
16:52 of 3rd period - Steve McCarthy is hit by Steve Downie and loses puck.
17:20 of 3rd period - Pierre-Marc Bouchard is hit by Jonathan Ericsson and loses puck.
17:29 of 3rd period - Wrist shot by Pierre-Marc Bouchard.
17:29 of 3rd period - Stopped by Steve Mason with a rebound.
17:31 of 3rd period - Slapshot by Vitaly Vishnevsky.
17:31 of 3rd period - Stopped by Steve Mason without a rebound.
17:32 of 3rd period - Frans Nielsen wins face-off versus Marcus Kruger in Flyers zone.
17:34 of 3rd period - Penalty to Nathan Beaulieu is over, Nathan Beaulieu is back on ice.
17:50 of 3rd period - Off-side.
17:51 of 3rd period - Jakub Voracek wins face-off versus Dustin Boyd in neutral zone.
17:55 of 3rd period - Minor Penalty to Colton Parayko for Hooking.
17:56 of 3rd period - Jeff Carter wins face-off versus Tomas Plekanec in Canadiens zone.
18:31 of 3rd period - Slapshot by Mark Stuart.
18:31 of 3rd period - Shot Misses the Net.
18:57 of 3rd period - Tomas Plekanec is hit by Drew Miller and loses puck.
19:22 of 3rd period - Vitaly Vishnevsky is hit by Oliver Ekman-Larsson and loses puck.
19:55 of 3rd period - Penalty to Colton Parayko is over, Colton Parayko is back on ice.
Goals for this period are 0 for Canadiens vs 3 for Flyers.
Shots for this period are 6 for Canadiens vs 11 for Flyers.